 Dungeon Crawl Stone Soup version 0.26-a0-958-gf3041fb45f (webtiles) character file.

Game seed: 18304675168320325592

81 jiml777 the Magician (level 4, 0/24 HPs)
             Began as a Deep Elf Air Elementalist on Nov 30, 2020.
             Slain by a gnoll
             ... wielding a +0 flail
              (11 damage)
             ... on level 2 of the Dungeon.
             The game lasted 00:17:12 (2169 turns).

jiml777 the Magician (Deep Elf Air Elementalist)    Turns: 2169, Time: 00:17:13

Health: 0/24       AC:  3    Str:  5    XL:     4   Next: 19%
Magic:  4/12       EV: 13    Int: 21    God:
Gold:   89         SH:  0    Dex: 15    Spells: 1/11 levels left

rFire    . . .     SeeInvis .   (no weapon)
rCold    . . .     Faith    .   (no shield)
rNeg     . . .     Spirit   .   q - +0 robe
rPois    +         Reflect  .   n - +0 helmet
rElec    .         Harm     .   (no cloak)
rCorr    .         Rampage  .   (no gloves)
MR       .....                  (no boots)
Stlth    ++........             (no amulet)
HPRegen  0.08/turn              m - ring of wizardry
MPRegen  0.13/turn              p - ring of poison resistance

@: no status effects
A: no striking features
a: no special abilities


You were on level 2 of the Dungeon.
You visited 1 branch of the dungeon, and saw 2 of its levels.

You collected 89 gold pieces.

Inventory:

Missiles
 l - 47 arrows
Armour
 n - a +0 helmet (worn)
 q - a +0 robe (worn)
Jewellery
 m - a ring of wizardry (left hand)
 p - a ring of poison resistance (right hand)
Wands
 o - a wand of random effects (10)
Scrolls
 b - 3 scrolls of teleportation {unknown}
 c - 2 scrolls of identify {unknown}
 i - a scroll of enchant weapon {unknown}
 j - a scroll of blinking {unknown}
Potions
 a - a potion of magic {unknown}
 d - 2 potions of flight {unknown}
 e - 2 potions of heal wounds {unknown}
 f - a potion of brilliance {unknown}
 g - a potion of attraction {unknown}
 h - a potion of haste {unknown}
 k - a potion of curing {unknown}


   Skills:
 + Level 2.7 Dodging
 + Level 2.7 Stealth
 + Level 4.0 Spellcasting
 + Level 2.0 Conjurations
 + Level 4.0 Air Magic


You had one spell level left.
You knew the following spells:

 Your Spells              Type           Power        Failure   Level
a - Shock                 Conj/Air       ###.         1%          1
b - Swiftness             Air            ###.....     1%          2
c - Static Discharge      Conj/Air       ###.....     4%          3
d - Airstrike             Air            ###.......   9%          4

Your spell library contained the following spells:

 Spells                   Type           Power        Failure   Level
 Lightning Bolt           Conj/Air       ###.......   34%         5


Dungeon Overview and Level Annotations

Branches:
Dungeon (2/15)

Altars:
Ashenzari


Message History

The goblin shouts!
The gnoll hits you with a +0 flail!
Ouch! That really hurt!
Casting: Shock (safe; 1% risk of failure)
Confirm with . or Enter, or press ? or * to list all spells.
The spell is extremely dangerous to cast (9% risk of failure)!
Continue anyway?
Aiming: Airstrike (extremely dangerous; 9% risk of failure)
Press: ? - help, Dir - move target, f - gnoll
Aim: a gnoll, wielding a +0 flail (moderately wounded)
The air twists around and strikes the gnoll!
The gnoll is almost dead.
Unknown command.
Casting: Airstrike (extremely dangerous; 9% risk of failure)
Confirm with . or Enter, or press ? or * to list all spells.
Aiming: Shock (safe; 1% risk of failure)
Press: ? - help, Shift-Dir - straight line, f - gnoll, p - gnoll
Aim: a gnoll, wielding a +0 halberd (moderately wounded, 25% to evade)
The zap misses the gnoll.
The zap misses the worker ant.
The zap misses the gnoll.
The gnoll hits you with a +0 flail!
You die...

######## #####......#
#..........# #######
###..........############.....###
.<...........'...................
###..........###..........###.###
###†........## #.########## #.###
............# #.# #.#..
............# #@# #.#.#
............# #g# #.#.#
.....######## #B# #.#.# .#'###
.g..g.gg# #.#.# .#(### .#.####.#
#.#.# .....# #.# #.#.# .#.#.# #..
#.#.# .#.#.# #.# #.#.# .#.#.# #.#
#.#.#


You could see a worker ant and 3 gnolls.

Vanquished Creatures
  Robin (D:2)
  An adder (D:2)
  2 dart slugs
  2 leopard geckos
  A ball python (D:2)
  4 bats
  4 giant cockroaches
  10 goblins
  7 hobgoblins
  5 jackals
  4 kobolds
  A frilled lizard (D:1)
  4 rats
46 creatures vanquished.

Notes
Turn   | Place    | Note
-------+----------+-------------------------------------------
     0 | D:1      | jiml777 the Deep Elf Air Elementalist began the quest for
                  | the Orb.
     0 | D:1      | Reached XP level 1. HP: 10/10 MP: 6/6
   403 | D:1      | Reached XP level 2. HP: 13/15 MP: 4/8
   904 | D:1      | Found a broken altar of Ashenzari.
  1184 | D:2      | Reached XP level 3. HP: 17/19 MP: 7/10
  1211 | D:2      | Noticed Robin
  1213 | D:2      | Killed Robin
  1740 | D:2      | Learned a level 2 spell: Swiftness
  1744 | D:2      | Learned a level 3 spell: Static Discharge
  1907 | D:2      | Reached XP level 4. HP: 24/24 MP: 8/12
  1912 | D:2      | Learned a level 4 spell: Airstrike
  2169 | D:2      | Slain by a gnoll

Illustrated notes

Levels and vault maps discovered:
D:1:      dpeg_arrival_tiny_a, layout_loops_ring, ashenzari_altar_1
D:2:      minmay_wonky_spiral, layout_basic, grunt_temple_overflow_opulence,
          lemuel_doored_altar, chequers_ecumenical_altar_twisty, uniq_robin

Skill      XL: |  1  2  3  4 |
---------------+-------------+-----
Spellcasting   | 4 |  4.0
Air Magic      | 4 |  4.0
Conjurations   | 2 |  2.0
Dodging        | |  2.7
Stealth        | |  2.7

Action                   |  1- 3 |  4- 6 || total
-------------------------+-------+-------++-------
 Cast: Shock             |    75 |     7 ||    82
       Airstrike         |       |     2 ||     2
Armor: Robe              |     5 |       ||     5
Dodge: Dodged            |    19 |     1 ||    20

Table legend: (Time is in decaauts)
 A = Elapsed time spent in this place.
 B = Non-inter-level travel time spent in this place.
 C = Inter-level travel time spent in this place.
 D = Time resting spent in this place.
 E = Time spent auto-exploring this place.
 F = Levels seen in this place.
 G = Mean time per level.
                   A        B        C        D        E       F      G
               +--------+--------+--------+--------+--------+-----+--------+
         Total |   2167 |   2121 |     46 |    810 |    926 |   2 | 1083.5 |
       Dungeon |   2167 |   2121 |     46 |    810 |    926 |   2 | 1083.5 |
               +--------+--------+--------+--------+--------+-----+--------+

Top non-repeatable levels by time:
     D:1: 1169 daAuts
     D:2: 998 daAuts
